 Dungeon Crawl Stone Soup version 0.25.1-8-g42b30a86e7 (webtiles) character file.

Game seed: 10661337953828977901

298 Destapler the Chiller (level 6, -21/66 HPs)
             Began as a Merfolk Ice Elementalist on Dec 15, 2020.
             Engulfed by Ijyb's flame (22 damage)
             ... on level 4 of the Dungeon.
             The game lasted 00:18:26 (4549 turns).

Destapler the Chiller (Merfolk Ice Elementalist)    Turns: 4549, Time: 00:18:27

Health: -21/66     AC: 23    Str:  8    XL:     6   Next: 35%
Magic:  7/10       EV:  2    Int: 16    God:
Gold:   219        SH:  0    Dex: 18    Spells: 4/11 levels left

rFire    . . .     SeeInvis +   u - +0 lajatang "Uvvuim" {elec, Dex+3 SInv} (curse)
rCold    . . .     Gourm    .   (shield currently unavailable)
rNeg     + + +     Faith    +   (armour currently unavailable)
rPois    +         Spirit   .   (helmet currently unavailable)
rElec    .         Reflect  .   (cloak currently unavailable)
rCorr    .         Harm     .   (gloves currently unavailable)
MR       .....     NoTele   +   (boots currently unavailable)
Stlth    +++.......             x - amulet of faith
HPRegen  0.21/turn              o - ring of wizardry
MPRegen  0.12/turn              (no ring)

@: tree-form, frozen ramparts
A: (change form in water), (swift swim), (stealthy swim)
a: no special abilities


You were on level 4 of the Dungeon.
You were hungry.
You were a tree.
You visited 1 branch of the dungeon, and saw 6 of its levels.

You collected 219 gold pieces.

Inventory:

Hand Weapons
 b - a +0 club
 k - a +0 dagger
 m - a +0 dagger of protection
 p - a +2 dagger of draining
 u - the cursed +0 lajatang "Uvvuim" (weapon) {elec, Dex+3 SInv}
   (You found it on level 5 of the Dungeon)

   Occasionally, upon striking a foe, it will discharge some electrical energy
   and cause terrible harm.
   It affects your dexterity (+3).
   It lets you see invisible.
   It has a curse placed upon it.
Missiles
 d - 8 silver boomerangs (quivered)
 q - 6 curare-tipped darts
Armour
 a - a +0 robe (melded)
 j - a +2 pair of gloves (melded)
 y - a +0 buckler
Magical Staves
 v - an uncursed staff of air {unknown}
 w - an uncursed staff of conjuration {unknown}
Jewellery
 o - a ring of wizardry (left branch)
 x - an amulet of faith (around neck)
 z - an uncursed ring of see invisible {unknown}
 B - an uncursed amulet of magic regeneration {unknown}
Scrolls
 h - a scroll of random uselessness {unknown}
 i - a scroll of immolation {unknown}
 l - a scroll of magic mapping {unknown}
 s - a scroll of remove curse {unknown}
 t - a scroll of enchant weapon {unknown}
 A - a scroll of identify {unknown}
 C - a scroll of amnesia {unknown}
 E - 6 scrolls of teleportation
Potions
 f - 2 potions of flight
 n - a potion of mutation {unknown}
 r - a potion of brilliance {unknown}
 D - a potion of heal wounds {unknown}
Comestibles
 c - 6 rations
 F - 3 chunks of flesh


   Skills:
 + Level 1.9 Fighting
 + Level 1.9 Short Blades
 + Level 4.1 Dodging
 + Level 3.7 Stealth
 * Level 3.2 Spellcasting
 + Level 2.0 Charms
 - Level 5.0 Ice Magic


You had 4 spell levels left.
You knew the following spells:

 Your Spells              Type           Power        Failure   Level  Hunger
a - Freeze                Ice            ###.         1%          1    None
b - Ozocubu's Armour      Chrm/Ice       ##......     5%          3    ###....
c - Frozen Ramparts       Ice            ###...       2%          3    ###....

Your spell library contained the following spells:

 Spells                   Type           Power        Failure   Level  Hunger
 Hailstorm                Conj/Ice       ##......     26%         4    ####...
 Summon Ice Beast         Ice/Summ       ##......     26%         4    ####...


Dungeon Overview and Level Annotations

Branches:
Dungeon (6/15)
 Temple: D:4-7

Altars:
Fedhas
Makhleb
Ru
Trog
Xom

Annotations:
D:4 Ijyb


Message History

You are feeling hungry.
You are engulfed in blazing flames.
The wall freezes Ijyb.
You are engulfed in blazing flames.
Ouch! That really hurt!
* * * LOW HITPOINT WARNING * * *
The wall freezes Ijyb.
You feel better.
You are engulfed in blazing flames.
* * * LOW HITPOINT WARNING * * *
The wall freezes Ijyb.
It was a potion of lignification.
You turn into a tree.
Your +2 pair of gloves melds into your body.
Your +0 robe melds into your body.
Your roots penetrate the ground.
You are engulfed in blazing flames.
* * * LOW HITPOINT WARNING * * *
The wall freezes Ijyb.
Ijyb zaps a wand.
Ijyb creates a blast of flame!
You are engulfed in blazing flames.
* * * LOW HITPOINT WARNING * * *
The wall freezes Ijyb.
Ijyb zaps a wand.
Ijyb creates a blast of noxious fumes!
You are engulfed in blazing flames.
You die...

##.# .# ##.##.# ......#
....### ......######
............ #####
.##...#..## #...########
.....## ..##.###§§..[.....#
.###..#......g§§♣§.######.#
.........###.####### #.##
...#........ #..#
_..#.#.##..# ##.# ..##.#.#
.# ######.# ..##.#..# #
#......# .###.#...... ###
#.####.# ####.#..#.. ...
####.# ........... [... #
#....#


You could see Ijyb.

Vanquished Creatures
  A scorpion (D:4)
  A howler monkey (D:2)
  An orc wizard (D:4)
  Terence (D:3)
  A worker ant (D:3)
  5 adders
  An adder skeleton (D:4)
  An adder zombie (D:3)
  2 dart slugs
  A leopard gecko (D:3)
  8 orcs
  A ball python (D:2)
  4 giant cockroaches
  6 hobgoblins
  7 jackals
  4 kobolds
  A quokka (D:3)
  7 bats
  5 frilled lizards
  10 goblins
  A leopard gecko skeleton (D:4)
  7 rats
76 creatures vanquished.

Vanquished Creatures (others)
  A gnoll (D:6)
1 creature vanquished.

Grand Total: 77 creatures vanquished

Notes
Turn   | Place    | Note
-------+----------+-------------------------------------------
     0 | D:1      | Destapler the Merfolk Ice Elementalist began the quest for
                  | the Orb.
     0 | D:1      | Reached XP level 1. HP: 13/13 MP: 3/3
   358 | D:1      | Reached XP level 2. HP: 19/19 MP: 0/5
  1553 | D:2      | Found a bloodstained altar of Trog.
  1577 | D:2      | Reached XP level 3. HP: 19/24 MP: 2/6
  1661 | D:2      | Learned a level 3 spell: Ozocubu's Armour
  1713 | D:2      | Reached XP level 4. HP: 26/31 MP: 1/7
  2063 | D:2      | Found a sacrificial altar of Ru.
  2428 | D:3      | Noticed Terence
  2436 | D:3      | Killed Terence
  2436 | D:3      | Reached skill level 1 in Fighting
  2436 | D:3      | Reached skill level 1 in Charms
  2821 | D:3      | Reached XP level 5. HP: 37/37 MP: 4/8
  2877 | D:3      | You fall into a shaft and drop 3 floors!
  2877 | D:6      | Found a shimmering altar of Xom.
  2878 | D:6      | Noticed an ogre
  2885 | D:5      | Entered Level 5 of the Dungeon
  2893 | D:5      | Got a shimmering lajatang
  2897 | D:5      | Identified the cursed +0 lajatang "Uvvuim" {elec, Dex+3
                  | SInv} (You found it on level 5 of the Dungeon)
  2918 | D:4      | Found a blossoming altar of Fedhas.
  2934 | D:3      | Reached skill level 1 in Short Blades
  3265 | D:3      | Reached skill level 5 in Ice Magic
  3980 | D:4      | Found a burning altar of Makhleb.
  4027 | D:4      | Reached XP level 6. HP: 25/44 MP: 7/10
  4032 | D:4      | Learned a level 3 spell: Frozen Ramparts
  4541 | D:4      | Noticed Ijyb
  4545 | D:4      | HP: 2/44 [Ijyb] (22)]
  4549 | D:4      | Engulfed by Ijyb's flame

Illustrated notes

Levels and vault maps discovered:
D:1:      nagdon_arrival_zigzag_paths, layout_basic
D:2:      cheibrodos_old_hovel, layout_basic, overflow_temple_1_default,
          lemuel_round_altar
D:3:      layout_basic, kennysheep_generic_room_15, uniq_terence
D:4:      layout_loops_cross, chequers_temple_overflow_statue_of_worship,
          first_ration, minmay_unequal, uniq_ijyb
D:5:      layout_cave_pools, minmay_temple_entry_wispy, feat_on_display,
          uniq_crazy_yiuf_cottage, uniq_grinder, uniq_sigmund
D:6:      layout_cave_pools, xom_confusion_cloud

Skill      XL: |  1  2  3  4  5  6 |
---------------+-------------------+-----
Dodging        | 3 4 |  4.1
Stealth        | 3 |  3.7
Fighting       | 1 |  1.9
Charms         | 1 2 |  2.0
Short Blades   | 1 |  1.9
Ice Magic      | 5 |  5.0
Spellcasting   | 3 |  3.2

Action                   |  1- 3 |  4- 6 || total
-------------------------+-------+-------++-------
Melee: Club              |     8 |       ||     8
       Unarmed           |     1 |       ||     1
       Dagger            |    17 |    36 ||    53
       Lajatang          |       |    54 ||    54
Throw: Boomerang         |     1 |       ||     1
 Cast: Freeze            |    33 |    30 ||    63
       Ozocubu's Armour  |       |     1 ||     1
       Frozen Ramparts   |       |     4 ||     4
  Use: Potion            |       |     4 ||     4
       Scroll            |       |     1 ||     1
 Stab: Sleeping          |     4 |     9 ||    13
  Eat: Chunk             |     3 |     9 ||    12
Armor: Robe              |     7 |    29 ||    36
Dodge: Dodged            |    28 |    81 ||   109
